 Dungeon Crawl Stone Soup version 0.32-a0-918-g0f22ef8d61 (webtiles) character file.

Game seed: 5648681064628045762

508803 Daunt the Slayer (level 24, -5/215 HPs)
             Began as a Coglin Fighter on Apr 11, 2024.
             Was the Champion of Jiyva.
             Killed from afar by a black draconian knight (39 damage)
             ... with a bolt of lightning
             ... led by a black draconian knight
             ... on level 1 of the Realm of Zot on Apr 12, 2024.
             The game lasted 05:42:46 (43163 turns).

Daunt the Slayer (Coglin Fighter)                  Turns: 43163, Time: 05:42:47

Health: -5/215     AC: 34    Str: 28    XL:     24   Next: 87%
Magic:  0/25       EV: 16    Int:  6    God:    Jiyva [******]
Gold:   306        SH:  0    Dex: 23    Spells: 23/23 levels left

rFire   + + +        o - +5 demon trident (heavy) {Cihuaton}
rCold   + + .        A - +2 trident (vamp) {Lucía}
rNeg    + . .        G - +6 gold dragon scales
rPois   +            f - +2 hat of the Bear Spirit {Spirit, Bear, *Rage Will++}
rElec   .            n - +2 cloak
rCorr   +            T - +0 pair of gloves of Disguise {rN+ Str+2 Int-3 Dex+2}
SInv    +            O - +3 pair of seven-league boots {Rampage+∞}
Will    +++..        (amulet unavailable) Stlth
                     (ring unavailable)
HPRegen 2.15/turn    (ring unavailable)
MPRegen 0.99/turn    Q - reticulated hydrosamoflange {rF+ rC+ Clar RMsl}

%: repel missiles, clarity, guardian spirit, rampage+∞
@: on berserk cooldown, slowed, studying 3 skills, revving, very slow
A: off-hand wielding, slow wielding, warmup strikes, no jewellery, horns 1, see
invisible, agile 2, fire resistance 3, high MP 1, strong 1, acidic bite,
pseudopods 2, tendrils, MP-powered wands, engulf
}: 3/15 runes: barnacled, slimy, gossamer
a: Renounce Religion, Oozemancy, Slimify


You were on level 1 of the Realm of Zot.
You worshipped Jiyva.
Jiyva was exalted by your worship.
You visited 10 branches of the dungeon, and saw 48 of its levels.
You also visited: Ice Cave and Desolation.

You collected 4325 gold pieces.
You spent 4019 gold pieces at shops.

Inventory:

Hand Weapons
 d - a +5 broad axe of venom
 o - a +5 heavy demon trident (weapon) {Cihuaton}
 z - a +1 eveningstar of holy wrath
 A - a +2 vampiric trident (offhand) {Lucía}
Missiles
 k - 3 atropa-tipped darts
 E - 38 boomerangs (quivered)
 F - 4 curare-tipped darts
 R - 6 javelins
 W - 2 silver javelins
 Y - 6 throwing nets
Armour
 f - the +2 hat of the Bear Spirit (worn) {Spirit, Bear, *Rage Will++}
   (You found it on level 4 of the Spider Nest)

   Bear:      Going berserk makes the wearer exceptionally tough, and they are
   slowed for a shorter time afterward.
   Will++:    It greatly increases your willpower.
   *Rage:     It berserks you when you make melee attacks (+20% chance).
 n - a +2 cloak (worn)
 G - +6 gold dragon scales (worn)
 O - the +3 pair of seven-league boots (worn) {Rampage+∞}
   (You found it on level 2 of the Lair of Beasts)

   Rampage+∞: When moving toward enemies, its wearer moves as far as possible,
   alerting their target en route.
 T - the +0 pair of gloves of Disguise (worn) {rN+ Str+2 Int-3 Dex+2}
   (You found it on level 4 of the Spider Nest)

   Str+2:     It affects your strength (+2).
   Int-3:     It affects your intelligence (-3).
   Dex+2:     It affects your dexterity (+2).
   rN+:       It protects you from negative energy.
Gizmo
 Q - a reticulated hydrosamoflange (installed) {rF+ rC+ Clar RMsl}
   (You invented it yourself on level 5 of the Lair of Beasts)

   [reticulated hydrosamoflange]

   rF+:       It protects you from fire.
   rC+:       It protects you from cold.
   Clar:      It protects you from confusion, rage, mesmerisation and fear.
   RMsl:      It protects you from missiles.
Wands
 a - a wand of mindburst (9)
 j - a wand of acid (17)
 r - a wand of digging (3)
 u - a wand of roots (71)
 y - a wand of polymorph (13)
 K - a wand of paralysis (18)
Scrolls
 b - 2 scrolls of fear
 c - 3 scrolls of silence
 e - 5 scrolls of fog
 h - 5 scrolls of blinking
 i - 7 scrolls of identify
 m - 3 scrolls of revelation
 s - 3 scrolls of teleportation
 B - 6 scrolls of immolation
 D - 4 scrolls of butterflies
 N - 4 scrolls of vulnerability
 Z - a scroll of torment
Potions
 g - a potion of heal wounds
 l - 9 potions of mutation
 p - 3 potions of enlightenment
 t - 8 potions of curing
 w - 6 potions of might
 C - 4 potions of resistance
 H - 5 potions of attraction
 I - a potion of berserk rage
 J - 9 potions of ambrosia
 L - 2 potions of cancellation
 M - 2 potions of lignification
 P - 2 potions of invisibility
 X - a potion of haste
Miscellaneous
 q - a tin of tremorstones (1/2)
 v - a lightning rod (4/4)
 S - a phial of floods
 U - a phantom mirror
 V - a sack of spiders (inert)


   Skills:
 + Level 23.6 Fighting
 - Level 12.0(15.2) Axes
 - Level 14.0(15.4) Polearms
 + Level 13.1 Throwing
 + Level 18.0 Armour
 + Level 17.8 Dodging
 - Level 2.1 Shields
 + Level 19.3 Evocations


You had 23 spell levels left.
You didn't know any spells.
Your spell library contained the following spells:

 Spells                   Type           Power      Damage    Failure   Level
 Apportation              Tloc           0%         N/A       100%        1
 Freeze                   Ice            0%         1d3       100%        1
 Magic Dart               Conj           0%         1d3       100%        1
 Necrotise                Necr           0%         1d4       100%        1
 Shock                    Conj/Air       0%         1d3       100%        1
 Sting                    Conj/Alch      0%         1d3       100%        1
 Summon Small Mammal      Summ           0%         N/A       100%        1
 Blink                    Tloc           0%         N/A       100%        2
 Call Imp                 Summ           0%         N/A       100%        2
 Ensorcelled Hibernation  Hex/Ice        0%         N/A       100%        2
 Jinxbite                 Hex            0%         N/A       100%        2
 Momentum Strike          Conj/Tloc      0%         3d8       100%        2
 Scorch                   Fire           0%         2d5       100%        2
 Searing Ray              Conj           0%         2d4       100%        2
 Sublimation of Blood     Necr           0%         N/A       100%        2
 Frozen Ramparts          Ice            0%         1d1       100%        3
 Hailstorm                Conj/Ice       0%         3d5       100%        3
 Inner Flame              Hex/Fire       0%         N/A       100%        3
 Ozocubu's Armour         Ice            0%         N/A       100%        3
 Passwall                 Erth           0%         N/A       100%        3
 Stone Arrow              Conj/Erth      0%         3d7       100%        3
 Summon Ice Beast         Ice/Summ       0%         N/A       100%        3
 Swiftness                Air            0%         N/A       100%        3
 Teleport Other           Tloc           0%         N/A       100%        3
 Tukima's Dance           Hex            0%         N/A       100%        3
 Vampiric Draining        Necr           0%         2d6       100%        3
 Volatile Blastmotes      Fire/Tloc      0%         2d10      100%        3
 Anguish                  Hex/Necr       0%         N/A       100%        4
 Animate Armour           Summ/Erth      0%         N/A       100%        4
 Brom's Barrelling Bould  Conj/Erth      0%         2d3       100%        4
 Flame Wave               Conj/Fire      0%         2d4       100%        4
 Ignite Poison            Fire/Alch      0%         N/A       100%        4
 Leda's Liquefaction      Alch/Erth      0%         N/A       100%        4
 Martyr's Knell           Necr/Summ      0%         N/A       100%        4
 Passage of Golubria      Tloc           0%         N/A       100%        4
 Petrify                  Alch/Erth      0%         N/A       100%        4
 Sticky Flame             Fire/Alch      0%         2d4       100%        4
 Summon Blazeheart Golem  Fire/Summ      0%         N/A       100%        4
 Summon Lightning Spire   Summ/Air       0%         N/A       100%        4
 Vhi's Electric Charge    Tloc/Air       0%         N/A       100%        4
 Alistair's Intoxication  Alch           0%         N/A       100%        5
 Arcjolt                  Conj/Air       0%         1d10      100%        5
 Curse of Agony           Necr           0%         N/A       100%        5
 Fireball                 Conj/Fire      0%         3d3       100%        5
 Freezing Cloud           Conj/Ice/Air   0%         6-21      100%        5
 Irradiate                Conj/Alch      0%         3d11      100%        5
 Iskenderun's Battlesphe  Conj           0%         2d6       100%        5
 Lee's Rapid Deconstruct  Erth           0%         3d4*      100%        5
 Metabolic Englaciation   Hex/Ice        0%         N/A       100%        5
 Yara's Violent Unravell  Hex/Alch       0%         3d3       100%        5
 Bombard                  Conj/Erth      0%         9d1       100%        6
 Conjure Ball Lightning   Conj/Air       0%         3x3d6     100%        6
 Death Channel            Necr           0%         N/A       100%        6
 Dispersal                Tloc           0%         N/A       100%        6
 Gell's Gavotte           Tloc           0%         2d(11-16) 100%        6
 Permafrost Eruption      Ice/Erth       0%         2x4d1     100%        6
 Plasma Beam              Fire/Air       0%         2x1d10    100%        6
 Summon Cactus Giant      Summ           0%         N/A       100%        6
 Haunt                    Necr/Summ      0%         N/A       100%        7
 Orb of Destruction       Conj           0%         9d5       100%        7
 Ozocubu's Refrigeration  Ice            0%         4d7       100%        7
 Borgnjor's Revivificati  Necr           0%         N/A       100%        8
 Discord                  Hex            0%         N/A       100%        8
 Disjunction              Tloc           0%         N/A       100%        8
 Lehudib's Crystal Spear  Conj/Erth      0%         10d2      100%        8
 Chain Lightning          Conj/Air       0%         N/A       100%        9
 Death's Door             Necr           0%         N/A       100%        9


Dungeon Overview and Level Annotations

Branches:
Dungeon (15/15)            Temple (0/1) D:7            Lair (5/5) D:8
 Shoals (4/4) Lair:3       Spider (4/4) Lair:3        Slime (5/5) Lair:5
    Orc (2/2) D:11            Elf (3/3) Orc:2        Vaults (4/5) D:14
  Crypt (0/3) Vaults:2     Depths (4/4) D:15            Zot (2/5) Depths:4
  IceCv (visited)         Desolation (visited)

Altars:
Dithmenos
Fedhas
Hepliaklqana
Kikubaaqudgha
Makhleb
Nemelex Xobeh
Qazlal
Uskayaw
Xom
Zin
The Shining One
Beogh
Jiyva
Lugonu

Shops:
Orc:2 *!?[   Elf:2 (   Shoals:4 (   Vaults:2 [[   Vaults:3 !(*

Portals:
Hell: Depths:1 Depths:2 Depths:3 Depths:4
Abyss: Lair:5 Depths:2 Depths:3 Depths:4
Pandemonium: Depths:2 Depths:3 Depths:4
Ziggurat: Depths:2

Annotations:
Slime:5 Royal Jelly
Vaults:2 3 runed translucent doors, Wiephyun's ghost, veteran GnHu
Depths:1 exclusion: orange crystal statue
Depths:2 3 runed translucent doors
Depths:4 exclusion: 2 draconian stormcallers


Innate Abilities, Weirdness & Mutations

You can wield a second weapon in your off-hand.
It takes a long time for you to wield or remove held weapons.
Your first few attacks do less damage.
You cannot equip rings or amulets.
You have a pair of small horns on your head.
You have supernaturally acute eyesight. (SInv)
You are very agile. (Dex +8, Str/Int -2)
Your flesh is almost immune to the effects of heat. (rF+++)
You have an increased reservoir of magic. (+10% MP)
Your muscles are strong. (Str +4, Int/Dex -1)
You have acidic saliva.
Armour fits poorly on your large pseudopods.
You are covered in slimy tendrils that may disarm your opponents.
You expend magic power (3 MP) to strengthen your wands.
Your melee attacks may engulf your foes in ooze.


Message History

Unknown command.
You reach into the sack... ...and things crawl out!
The jelly oozes through a web.
The black draconian knight evades a web. x2
The black draconian knight is caught in a web!
The sack is emptied!
The black draconian knight is asphyxiated! x2
You kill the black draconian knight!
The jelly barely misses the black draconian knight.
The black draconian knight hits you but does no damage.
You swap places.
The black draconian knight breathes lightning at you.
The bolt of lightning hits the jelly!!!
The jelly dies!
The bolt of lightning is repelled.
The black draconian knight tears the web.
The black draconian knight breathes lightning at you.
The bolt of lightning hits your steelbarb worm!!
The bolt of lightning is repelled.
The bolt of lightning hits you!!
* * * LOW HITPOINT WARNING * * *
The bolt of lightning misses your steelbarb worm.
The bolt of lightning misses the black draconian knight.
Your tarantella touches the black draconian knight but does no damage.
Your wolf spider barely misses the black draconian knight.
Your wolf spider bites the black draconian knight but does no damage.
You hear a slurping noise.
The black draconian knight closely misses your steelbarb worm.
Your tarantella touches the black draconian knight but does no damage.
Your wolf spider barely misses the black draconian knight.
Your wolf spider closely misses the black draconian knight.
Unknown command.
You feel much better.
Your tarantella barely misses the black draconian knight.
Your wolf spider hits the black draconian knight.
Your wolf spider closely misses the black draconian knight.
The black draconian knight breathes lightning at you.
The bolt of lightning hits your steelbarb worm!!
The bolt of lightning hits you!!!
You die...
Jiyva sends a jelly to digest your remains.

#....# #..##.##### #...##
#..##.###.. #...#
######..........
#...###...#...........
#...#.....#...........
######.....................
#...###.........#..........
#...###..^#s....#..........
#........q@................
###.......s>w................
#.........J.q................
#....##....s.##...###......##
#....##......##...###...###..
#....##..........##.......#..
#.........>...............#..
####......................#..
#...########..........##..


You could see 2 draconians, a neutral jelly (wandering) (fellow slime), a
friendly steelbarb worm (summoned), 2 friendly wolf spiders and a friendly
tarantella (summoned).

Vanquished Creatures
  Frederick (Vaults:3)
  Mara (Vaults:4)
  Josephina (Depths:2)
  Bai Suzhen (Spider:3)
  Jory (Vaults:4)
  A caustic shrike (Depths:3)
  Nikola (Depths:2)
  5 golden dragons
  Arachne (Spider:4)
  2 hellephants (Depths:2)
  2 electric golems
  Zenata (Vaults:1)
  A walking crystal tome (Depths:3)
  2 liches
  5 tentacled monstrosities
  A deep elf master archer (Depths:2)
  5 deep elf blademasters
  3 sphinxes
  2 quicksilver dragons (Zot:1)
  A titan (Depths:3)
  5 death cobs
  Kirke (Lair:5)
  2 tengu reavers
  4 storm dragons
  A kraken (Shoals:4)
  Roxanne (Spider:3)
  3 shadow dragons
  The ghost of Kevimi the Acrobat, an adept FeNe of Sif Muna (Vaults:3)
  3 draconian knights (Zot:1)
  Ilsuiw (Shoals:2)
  5 draconian shifters
  10 fire giants
  10 deep elf sorcerers
  2 imperial myrmidons (Desolation)
  5 frost giants
  5 draconian monks
  A curse skull (Vaults:2)
  10 vault wardens
  A balrug (Depths:2)
  7 ghost moths
  2 iron dragons (Depths:3)
  2 draconian scorchers (Depths:4)
  3 emperor scorpions
  9 deep elf elementalists
  4 draconian stormcallers
  5 orc warlords
  A juggernaut zombie (Depths:1)
  The ghost of pokedragonboy the Cleaver, a journeyman CoAr of Gozag (Lair:4)
  14 ironbound preservers
  A broodmother (Spider:3)
  7 ironbound thunderhulks
  19 very ugly things
  A vampire knight (Depths:3)
  10 stone giants
  10 deep elf death magi (Elf:3)
  3 white draconians
  5 deep elf demonologists
  7 deep elf annihilators
  3 green draconians (Depths:4)
  2 black draconians
  5 purple draconians
  A halazid warlock (Desolation)
  A war gargoyle (Vaults:4)
  3 red draconians (Zot:1)
  5 yellow draconians
  11 spark wasps
  9 dire elephants
  11 fire dragons
  8 ettins
  5 merfolk javelineers
  10 entropy weavers
  4 crystal guardians
  3 jiangshi (Depths:1)
  10 deep elf high priests
  9 yaktaur captains
  12 merfolk impalers
  7 servants of whispers
  3 ragged hierophants (Desolation)
  3 rakshasas
  5 jorogumos
  9 ice dragons
  10 hydras
  Erica (D:8)
  A vault guard (Vaults:3)
  6 peacekeepers
  A juggernaut simulacrum (Depths:2)
  A caustic shrike simulacrum (Depths:2)
  7 ironbound frosthearts
  7 boulder beetles
  An ogre mage (D:15)
  A spriggan air mage (Depths:2)
  A two-headed ogre (shapeshifter) (Vaults:3)
  A jorogumo (shapeshifter) (Depths:4)
  4 merfolk aquamancers
  3 radroaches
  5 deep troll shamans
  15 centaur warriors
  25 dancing weapons
  3 merfolk avatars
  A vampire mage (Depths:1)
  4 tengu warriors
  4 two-headed ogres (D:15)
  8 deep troll earth magi
  6 death yaks
  7 demonic crawlers
  An orc high priest (Orc:1)
  3 satyrs
  5 spriggan berserkers
  A titan zombie (Depths:1)
  16 deep elf knights
  3 thrashing horrors (Lair:5)
  A sun demon (Depths:2)
  3 occultists
  A fire crab (shapeshifter) (Depths:3)
  6 skysharks
  12 hell knights
  8 pharaoh ants
  A soul eater (Depths:4)
  Sonja (Lair:5)
  5 skeletal warriors (D:11)
  A spark wasp zombie (Depths:2)
  A skyshark (shapeshifter) (Elf:1)
  A sixfirhy (Depths:4)
  A shadow wraith (Vaults:2)
  5 iron trolls
  8 sea snakes
  Lodul (D:13)
  12 deep elf archers
  49 deep trolls
  9 orb spiders
  5 arcanists
  A shadow demon (Depths:4)
  14 ironbound convokers
  2 spriggan simulacra (Depths:2)
  7 lindwurms
  Pikel (D:6)
  10 steelbarb worms
  17 harpies
  9 orc knights
  4 necromancers
  5 thermic dynamos
  30 deep elf pyromancers
  24 deep elf zephyrmancers
  A salamander (Depths:4)
  3 obsidian bats
  2 oklob plants (Spider:3)
  11 fauns
  32 ugly things
  17 manticores
  A human zombie (Vaults:2)
  27 wolf spiders
  3 orc sorcerers
  A frost giant zombie (Vaults:2)
  Maurice (D:7)
  6 elephants
  11 merfolk sirens
  6 cyclopes
  8 moths of wrath
  A fire giant skeleton (Depths:1)
  6 meliai
  A meliai (shapeshifter) (Elf:1)
  4 black mambas
  2 ice statues (IceCv)
  3 kobold blastminers
  12 vault sentinels
  4 guardian serpents
  4 smoke demons
  6 torpor snails
  4 water nymphs
  A large abomination (Lair:5)
  A gargoyle (D:13)
  A cane toad (shapeshifter) (Elf:2)
  Maggie (D:8)
  6 cane toads
  6 rime drakes
  A kobold demonologist (D:14)
  A tormentor (Depths:2)
  6 komodo dragons
  3 freezing wraiths
  4 tengu conjurers
  Jeremiah (D:8)
  22 yaktaurs
  4 trolls
  23 merfolk
  A tengu simulacrum (Depths:2)
  A queen bee (Lair:1)
  3 polar bears
  A polar bear (shapeshifter) (Spider:4)
  25 tarantellas
  4 wind drakes
  40 saltlings
  30 jumping spiders
  44 blink frogs
  12 snapping turtles
  4 dream sheep (Shoals:3)
  Prince Ribbit (D:5)
  2 ettin zombies (Vaults:2)
  2 raiju (Lair:5)
  2 air elementals
  30 culicivoras
  3 frost giant simulacra
  19 water elementals
  A centaur simulacrum (D:11)
  A ynoxinul (Lair:5)
  A spriggan (Lair:5)
  A spriggan skeleton (Depths:1)
  2 wyverns
  2 wraiths
  33 yaks
  A shadow (D:13)
  5 basilisks
  4 steam dragons
  3 wargs
  3 hogs
  48 redbacks
  2 vampire mosquitoes (D:11)
  A basilisk (shapeshifter) (Elf:1)
  2 chaos spawn (Lair:5)
  2 acid dragons
  10 water moccasins
  4 ice beasts
  53 orc warriors
  An ice beast (shapeshifter) (Elf:1)
  3 black bears
  4 ettin simulacra (Depths:2)
  13 ogres
  10 small abominations (Lair:5)
  A boggart (D:15)
  8 centaurs
  2 wolves
  A lemure (D:6)
  A kobold brigand (D:10)
  11 bullfrogs
  2 gnoll sergeants
  An earth elemental (Elf:2)
  8 scorpions
  4 wights
  36 killer bees
  4 lindwurm simulacra (IceCv)
  2 electric eels (D:11)
  6 howler monkeys
  7 komodo dragon simulacra (IceCv)
  2 hounds (D:4)
  17 orc priests
  An iron imp (D:7)
  11 orc wizards
  Natasha (twice) (D:2)
  Terence (D:2)
  4 acid dragon simulacra (IceCv)
  4 adders
  11 gnolls
  4 white imps
  7 ufetubi
  3 steam dragon simulacra (IceCv)
  3 dart slugs
  63 orcs
  5 endoplasms (D:1)
  6 giant cockroaches
  4 goblins (D:2)
  3 hobgoblins
  2 quokkas
  5 ball pythons
  3 bats
  4 frilled lizards
  9 kobolds
  6 rats
  3 tentacles (Shoals:4)
1735 creatures vanquished.

Vanquished Creatures (collateral kills)
  A vault warden (Vaults:3)
  A broodmother (Spider:4)
  A white draconian (IceCv)
  An ettin (Depths:2)
  An ironbound frostheart (Vaults:3)
  3 deep trolls (Vaults:3)
  An orb spider (Spider:4)
  A wolf spider (Spider:4)
  A vault sentinel (Vaults:3)
  A rime drake (IceCv)
  2 yaktaurs (Vaults:3)
  2 komodo dragon simulacra (IceCv)
  An acid dragon simulacrum (IceCv)
17 creatures vanquished.

Vanquished Creatures (others)
  The ghost of HilariousDeathArtist the Slayer, an adept DrBr of Trog (Depths:2)
  A ghost moth (Spider:4)
  2 ironbound preservers
  2 stone giants (Depths:2)
  3 formless jellyfish
  A spark wasp (Spider:4)
  4 great orbs of eyes
  A rakshasa (Depths:2)
  A yaktaur captain (Vaults:1)
  6 centaur warriors
  A boulder beetle (D:14)
  2 glowing orange brains
  An occultist (Depths:2)
  A necromancer (Vaults:4)
  2 deep trolls (Vaults:1)
  2 deep elf zephyrmancers
  A harpy (Vaults:2)
  An elf skeleton (Vaults:4)
  A glass eye (Depths:3)
  A meliai (Spider:3)
  A yaktaur zombie (Vaults:4)
  A rime drake (IceCv)
  3 yaktaurs (Vaults:1)
  A blink frog (Lair:5)
  22 slime creatures
  A water elemental (Depths:2)
  A glowing shapeshifter zombie (Vaults:4)
  2 water moccasins
  3 orc warriors
  2 boggarts (D:15)
  2 human skeletons (Vaults:4)
  A lemure (D:6)
  2 kobold brigands (D:7)
  A bullfrog (D:8)
  A wight (D:5)
  A killer bee (D:8)
  A bombardier beetle (D:7)
  206 jellies
  2 orc priests
  Natasha (D:2)
  An orc wizard (Orc:2)
  An adder (D:2)
  3 gnolls (D:7)
  A white imp (D:11)
  2 dart slugs
  15 orcs
  A bat (D:3)
  A hobgoblin (D:3)
  9 kobolds
  10 tentacles (Shoals:4)
334 creatures vanquished.

Grand Total: 2086 creatures vanquished

Notes
Turn   | Place    | Note
-------+----------+-------------------------------------------
     0 | D:1      | Daunt the Coglin Fighter began the quest for the Orb.
     0 | D:1      | Reached XP level 1. HP: 18/18 MP: 1/1
   180 | D:1      | Reached XP level 2. HP: 24/24 MP: 2/2
   426 | D:1      | Found a faded altar of an unknown god.
   649 | D:1      | Prayed at the altar of an unknown god.
   649 | D:1      | Became a worshipper of Jiyva Jovin the Shapeless
   649 | D:1      | Reached * piety under Jiyva
   695 | D:1      | Reached XP level 3. HP: 29/29 MP: 3/3
   878 | D:2      | Found a hazy altar of Hepliaklqana.
   917 | D:2      | Noticed Terence
   928 | D:2      | Killed Terence
   929 | D:2      | Reached XP level 4. HP: 29/35 MP: 4/4
   966 | D:2      | Noticed Natasha
   971 | D:2      | Killed Natasha
  1063 | D:2      | Reached ** piety under Jiyva
  1212 | D:2      | Killed Natasha
  1500 | D:2      | Noticed Natasha
  1510 | D:2      | Killed Natasha
  1511 | D:2      | Reached XP level 5. HP: 38/41 MP: 5/5
  1664 | D:3      | Found a sparkling altar of Nemelex Xobeh.
  1702 | D:3      | Reached skill level 5 in Polearms
  1713 | D:3      | Reached XP level 6. HP: 36/47 MP: 6/6
  1994 | D:3      | Reached *** piety under Jiyva
  2060 | D:3      | Found a blossoming altar of Fedhas.
  2116 | D:3      | Gained mutation: You passively dampen the noise of your
                  | surroundings. [Jiyva's grace]
  2116 | D:3      | Gained mutation: You are robust. (+10% HP) [Jiyva's grace]
  2116 | D:3      | Gained mutation: You are very robust. (+20% HP) [Jiyva's
                  | grace]
  2116 | D:3      | Gained mutation: You are extremely robust. (+30% HP)
                  | [Jiyva's grace]
  2589 | D:4      | Reached XP level 7. HP: 67/67 MP: 7/7
  2959 | D:4      | Reached **** piety under Jiyva
  3065 | D:5      | Entered Level 5 of the Dungeon
  3084 | D:5      | Reached skill level 4 in Fighting
  3193 | D:5      | Reached XP level 8. HP: 21/79 MP: 8/8
  3846 | D:6      | Found a shimmering altar of Xom.
  3917 | D:6      | Reached skill level 5 in Fighting
  4026 | D:6      | Noticed Pikel
  4046 | D:6      | Killed Pikel
  4077 | D:6      | Noticed Prince Ribbit
  4090 | D:5      | Killed Prince Ribbit
  4091 | D:5      | Reached skill level 6 in Fighting
  4091 | D:5      | Reached XP level 9. HP: 68/89 MP: 9/9
  4138 | D:6      | Reached ***** piety under Jiyva
  4163 | D:6      | Found a hide-covered altar of Uskayaw.
  4513 | D:7      | Identified the +6 rapier of the Median {pain, rN+}
  4611 | D:7      | Noticed Maurice
  4625 | D:7      | Maurice stole 40 stones
  4627 | D:7      | Maurice stole 238 gold
  4630 | D:7      | Killed Maurice
  4631 | D:7      | Reached skill level 1 in Dodging
  4707 | D:7      | Lost mutation: You are extremely robust. (+30% HP) [Jiyva's
                  | grace]
  4707 | D:7      | Gained mutation: You have acidic saliva. [Jiyva's grace]
  4707 | D:7      | Gained mutation: You are strong-willed. (Will+) [Jiyva's
                  | grace]
  4707 | D:7      | Gained mutation: You are highly strong-willed. (Will++)
                  | [Jiyva's grace]
  4707 | D:7      | Gained mutation: You are extremely strong-willed. (Will+++)
                  | [Jiyva's grace]
  4764 | D:7      | Found a burning altar of Makhleb.
  4915 | D:7      | Found a staircase to the Ecumenical Temple.
  4954 | D:7      | Reached skill level 10 in Polearms
  5356 | D:8      | Noticed Jeremiah
  5384 | D:8      | Killed Jeremiah
  5385 | D:8      | Reached skill level 1 in Evocations
  5526 | D:8      | Noticed Erica
  5536 | D:8      | Killed Erica
  5537 | D:8      | Reached skill level 7 in Fighting
  5537 | D:8      | Reached XP level 10. HP: 64/94 MP: 10/10
  5724 | D:8      | Reached ****** piety under Jiyva
  5788 | D:8      | Found a staircase to the Lair.
  6014 | D:8      | Noticed Maggie
  6022 | D:8      | Killed Maggie
  6196 | D:9      | Lost mutation: You are extremely strong-willed. (Will+++)
                  | [Jiyva's grace]
  6196 | D:9      | Lost mutation: You have acidic saliva. [Jiyva's grace]
  6196 | D:9      | Gained mutation: Armour fits poorly on your pseudopods.
                  | [Jiyva's grace]
  6196 | D:9      | Gained mutation: Armour fits poorly on your large
                  | pseudopods. [Jiyva's grace]
  6196 | D:9      | Gained mutation: Armour fits poorly on your massive
                  | pseudopods. [Jiyva's grace]
  6196 | D:9      | Gained mutation: You have a pair of small antennae on your
                  | head. [Jiyva's grace]
  6222 | D:9      | Found a glowing golden altar of the Shining One.
  6251 | D:9      | Reached skill level 5 in Armour
  6345 | D:9      | Found a stormy altar of Qazlal.
  6723 | D:10     | Entered Level 10 of the Dungeon
  6831 | D:10     | Found a glowing silver altar of Zin.
  6869 | D:10     | Reached skill level 5 in Dodging
  6876 | D:10     | Reached XP level 11. HP: 100/100 MP: 11/11
  7061 | D:10     | Reached skill level 1 in Throwing
  7393 | Lair:1   | Entered Level 1 of the Lair of Beasts
  7557 | Lair:1   | Reached skill level 5 in Evocations
  7572 | Lair:1   | Reached skill level 8 in Fighting
  7944 | Lair:1   | Lost mutation: You are very robust. (+20% HP) [Jiyva's
                  | grace]
  7944 | Lair:1   | Lost mutation: Armour fits poorly on your massive
                  | pseudopods. [Jiyva's grace]
  7944 | Lair:1   | Lost mutation: Armour fits poorly on your large pseudopods.
                  | [Jiyva's grace]
  7944 | Lair:1   | Gained mutation: You have acidic saliva. [Jiyva's grace]
  7944 | Lair:1   | Gained mutation: Your melee attacks may engulf your foes in
                  | ooze. [Jiyva's grace]
  7944 | Lair:1   | Gained mutation: Your muscles are strong. (Str +4, Int/Dex
                  | -1) [Jiyva's grace]
  7944 | Lair:1   | Gained mutation: Your muscles are very strong. (Str +8,
                  | Int/Dex -2) [Jiyva's grace]
  8346 | Lair:2   | Reached XP level 12. HP: 92/103 MP: 12/12
  8377 | Lair:2   | Noticed a skyshark
  8391 | Lair:2   | Killed a skyshark
  8474 | Lair:2   | Noticed a five-headed hydra
  8481 | Lair:2   | Killed a five-headed hydra
  8500 | Lair:2   | Identified the +7 rapier of the Endless Expanse {freeze,
                  | ^Fragile +Blink Str+5}
  8574 | Lair:2   | Noticed a five-headed hydra
  8580 | Lair:2   | Killed a five-headed hydra
  8589 | Lair:2   | Noticed a boulder beetle
  8589 | Lair:2   | Found the +3 pair of seven-league boots {Rampage+∞}
  8599 | Lair:2   | Killed a boulder beetle
  8600 | Lair:2   | Reached skill level 9 in Fighting
  9072 | Lair:3   | Found a hole to the Spider Nest.
  9076 | Lair:3   | Found a staircase to the Shoals.
  9167 | Lair:3   | Found a frozen archway.
  9179 | IceCv    | Entered an ice cave
  9481 | IceCv    | Noticed a white draconian
  9490 | IceCv    | Killed a white draconian
  9671 | Lair:3   | Noticed a six-headed hydra
  9677 | Lair:3   | Killed a six-headed hydra
  9678 | Lair:3   | Reached XP level 13. HP: 94/113 MP: 13/13
  9720 | Lair:3   | Lost mutation: Your muscles are very strong. (Str +8,
                  | Int/Dex -2) [Jiyva's grace]
  9720 | Lair:3   | Lost mutation: You passively dampen the noise of your
                  | surroundings. [Jiyva's grace]
  9720 | Lair:3   | Gained mutation: You are agile. (Dex +4, Str/Int -1)
                  | [Jiyva's grace]
  9720 | Lair:3   | Gained mutation: You are very agile. (Dex +8, Str/Int -2)
                  | [Jiyva's grace]
  9720 | Lair:3   | Gained mutation: You are resistant to electric shocks.
                  | (rElec) [Jiyva's grace]
  9720 | Lair:3   | Gained mutation: Your muscles are very strong. (Str +8,
                  | Int/Dex -2) [Jiyva's grace]
  9780 | Lair:3   | Reached skill level 10 in Fighting
 10982 | Lair:4   | Reached skill level 5 in Throwing
 11005 | Lair:4   | Found a large runed translucent door.
 11005 | Lair:4   | Found a large runed translucent door.
 11149 | Lair:4   | Noticed pokedragonboy's ghost (journeyman CoAr)
 11479 | Lair:5   | Entered Level 5 of the Lair of Beasts
 11604 | Lair:5   | Reached skill level 11 in Fighting
 11656 | Lair:5   | Reached XP level 14. HP: 124/124 MP: 14/14
 11658 | Lair:5   | Acquired a reticulated hydrosamoflange {rF+ rC+ Clar RMsl}
 11676 | Lair:5   | Noticed Kirke
 11716 | Lair:5   | Killed Kirke
 11735 | Lair:5   | Lost mutation: You are highly strong-willed. (Will++)
                  | [Jiyva's grace]
 11735 | Lair:5   | Lost mutation: You are resistant to electric shocks.
                  | (rElec) [Jiyva's grace]
 11735 | Lair:5   | Lost mutation: Your muscles are very strong. (Str +8,
                  | Int/Dex -2) [Jiyva's grace]
 11735 | Lair:5   | Lost mutation: Your melee attacks may engulf your foes in
                  | ooze. [Jiyva's grace]
 11735 | Lair:5   | Gained mutation: Your system is resistant to poisons.
                  | (rPois) [Jiyva's grace]
 11735 | Lair:5   | Gained mutation: You are very robust. (+20% HP) [Jiyva's
                  | grace]
 11735 | Lair:5   | Gained mutation: You are extremely robust. (+30% HP)
                  | [Jiyva's grace]
 11735 | Lair:5   | Gained mutation: You have hidden genetic potential.
                  | [Jiyva's grace]
 11858 | Lair:5   | Reached skill level 10 in Evocations
 12039 | Lair:5   | Found a corrupted altar of Lugonu.
 12039 | Lair:5   | Found a one-way gate to the infinite horrors of the Abyss.
 12057 | Lair:5   | Identified the +7 orcbow "Voutuwkoopo" {antimagic, rCorr}
 12385 | Lair:5   | Found a staircase to the Slime Pits.
 12535 | Lair:5   | Noticed Sonja
 12545 | Lair:5   | Killed Sonja
 12913 | D:11     | Found a staircase to the Orcish Mines.
 13520 | D:11     | Reached skill level 12 in Fighting
 13709 | D:12     | Reached skill level 10 in Dodging
 13879 | D:12     | Lost mutation: You are strong-willed. (Will+) [Jiyva's
                  | grace]
 13879 | D:12     | Lost mutation: You are extremely robust. (+30% HP) [Jiyva's
                  | grace]
 13879 | D:12     | Gained mutation: Your rubbery body absorbs attacks. (AC +1,
                  | EV +1) [Jiyva's grace]
 13879 | D:12     | Gained mutation: Your pliable body absorbs attacks. (AC +2,
                  | EV +2) [Jiyva's grace]
 13879 | D:12     | Gained mutation: Your gelatinous body deflects attacks. (AC
                  | +3, EV +3) [Jiyva's grace]
 13879 | D:12     | Gained mutation: You possess an exceptional clarity of
                  | mind. [Jiyva's grace]
 14715 | D:13     | Lost mutation: You are very agile. (Dex +8, Str/Int -2)
                  | [Jiyva's grace]
 14715 | D:13     | Lost mutation: You possess an exceptional clarity of mind.
                  | [Jiyva's grace]
 14715 | D:13     | Lost mutation: You are very robust. (+20% HP) [Jiyva's
                  | grace]
 14715 | D:13     | Gained mutation: You expend magic power (3 MP) to
                  | strengthen your wands. [Jiyva's grace]
 14715 | D:13     | Gained mutation: Your translucent skin slightly reduces
                  | your foes' accuracy. (Stealth+) [Jiyva's grace]
 14715 | D:13     | Gained mutation: Your translucent skin reduces your foes'
                  | accuracy. (Stealth+) [Jiyva's grace]
 14715 | D:13     | Gained mutation: Your transparent skin significantly
                  | reduces your foes' accuracy. (Stealth+) [Jiyva's grace]
 14767 | D:13     | Noticed Lodul
 14802 | D:13     | Killed Lodul
 14803 | D:13     | Reached XP level 15. HP: 134/134 MP: 15/15
 15299 | D:14     | Found a runed translucent door.
 15405 | D:14     | Found a gate to the Vaults.
 15426 | D:14     | Gained mutation: You passively dampen the noise of your
                  | surroundings. [hidden potential]
 15907 | D:14     | Lost mutation: Your system is resistant to poisons. (rPois)
                  | [Jiyva's grace]
 15907 | D:14     | Lost mutation: You are robust. (+10% HP) [Jiyva's grace]
 15907 | D:14     | Lost mutation: You have acidic saliva. [Jiyva's grace]
 15907 | D:14     | Lost mutation: Armour fits poorly on your pseudopods.
                  | [Jiyva's grace]
 15907 | D:14     | Lost mutation: Your transparent skin significantly reduces
                  | your foes' accuracy. (Stealth+) [Jiyva's grace]
 15907 | D:14     | Lost mutation: You passively dampen the noise of your
                  | surroundings. [Jiyva's grace]
 15907 | D:14     | Gained mutation: Your transparent skin significantly
                  | reduces your foes' accuracy. (Stealth+) [Jiyva's grace]
 15907 | D:14     | Gained mutation: You are covered in fur. (AC +1) [Jiyva's
                  | grace]
 15907 | D:14     | Gained mutation: You are covered in thick fur. (AC +2)
                  | [Jiyva's grace]
 15907 | D:14     | Gained mutation: Your thick and shaggy fur keeps you warm.
                  | (AC +3, rC+) [Jiyva's grace]
 16140 | D:14     | Identified the +0 scale mail of Intuition {Dex-4 Slay+5}
 16157 | D:15     | Entered Level 15 of the Dungeon
 16273 | D:15     | Reached skill level 13 in Fighting
 16601 | D:15     | Found a staircase to the Depths.
 16626 | D:15     | Reached skill level 10 in Armour
 16629 | D:15     | Identified the +1 leather armour of Raesaipo {rF++ rC+}
 17415 | Orc:1    | Entered Level 1 of the Orcish Mines
 17600 | Orc:2    | Entered Level 2 of the Orcish Mines
 17655 | Orc:2    | Lost mutation: Your thick and shaggy fur keeps you warm.
                  | (AC +3, rC+) [Jiyva's grace]
 17655 | Orc:2    | Lost mutation: Your gelatinous body deflects attacks. (AC
                  | +3, EV +3) [Jiyva's grace]
 17655 | Orc:2    | Gained mutation: Your melee attacks may engulf your foes in
                  | ooze. [Jiyva's grace]
 17655 | Orc:2    | Gained mutation: You are robust. (+10% HP) [Jiyva's grace]
 17655 | Orc:2    | Gained mutation: You are very robust. (+20% HP) [Jiyva's
                  | grace]
 17655 | Orc:2    | Gained mutation: You are extremely robust. (+30% HP)
                  | [Jiyva's grace]
 17679 | Orc:2    | Found a staircase to the Elven Halls.
 17875 | Orc:1    | Found a roughly hewn altar of Beogh.
 18149 | Orc:2    | Found Sus Fiob's Magic Scroll Boutique.
 18149 | Orc:2    | Found Irefful's Distillery.
 18150 | Orc:2    | Found Xeloyl's Assorted Antiques.
 18152 | Orc:2    | Found Atu Lao's Armour Shop.
 18214 | Orc:2    | Bought 3 scrolls labelled RAAZANLOUSH for 87 gold pieces
 18214 | Orc:2    | Bought a scroll labelled GAIXIG KUTZE for 29 gold pieces
 18562 | Orc:2    | Bought a scroll of enchant weapon for 105 gold pieces
 18562 | Orc:2    | Bought a scroll of vulnerability for 56 gold pieces
 18563 | Orc:2    | Bought a potion of invisibility for 120 gold pieces
 18566 | Orc:2    | Bought the +7 fire dragon scales of Lugonu's Reproof {rF++
                  | rC- Slay+3 SInv} for 1806 gold pieces
 18578 | Orc:2    | Bought a scroll of identify for 28 gold pieces
 18578 | Orc:2    | Bought a scroll of identify for 28 gold pieces
 18587 | Orc:2    | Bought a scroll of identify for 58 gold pieces
 18780 | Shoals:1 | Entered Level 1 of the Shoals
 18807 | Shoals:1 | Reached XP level 16. HP: 144/171 MP: 16/16
 18882 | Shoals:1 | Gained mutation: You have a pair of antennae on your head.
                  | [hidden potential]
 18882 | Shoals:1 | Lost mutation: You have hidden genetic potential. [hidden
                  | potential expressed]
 18885 | Shoals:1 | Reached skill level 14 in Fighting
 19045 | Slime:1  | Entered Level 1 of the Pits of Slime
 19068 | Slime:1  | Noticed an azure jelly
 19115 | Slime:2  | Noticed an azure jelly
 19154 | Slime:4  | Noticed an acid blob
 19184 | Slime:4  | Noticed an azure jelly
 19247 | Slime:5  | Entered Level 5 of the Pits of Slime
 19273 | Slime:5  | Noticed a rockslime
 19274 | Slime:5  | Noticed an acid blob
 19283 | Slime:5  | Noticed an azure jelly
 19285 | Slime:5  | Noticed an acid blob
 19441 | Slime:5  | Found a viscous altar of Jiyva.
 19447 | Slime:5  | Identified the +1 leather armour of the Untouchables {+Inv
                  | rF- Regen+ Str-3}
 19450 | Slime:5  | Identified the +1 plate armour "Micoix" {MP+9 Str+2 Int+3}
 19466 | Slime:5  | Identified the +1 robe of Purpose {rPois Int+4}
 19468 | Slime:5  | Identified the +3 chain mail "Qetofret" {Regen+ rCorr Dex+3
                  | Slay-2}
 19482 | Slime:5  | Noticed the Royal Jelly
 19482 | Slime:5  | Noticed an azure jelly
 19513 | Slime:5  | Noticed an acid blob
 19514 | Slime:5  | Noticed an acid blob
 19540 | Slime:5  | Noticed an azure jelly
 19558 | Slime:5  | Noticed an azure jelly
 19603 | Slime:5  | Got the Atlas of the Scintillating Pyre
 19607 | Slime:5  | Identified the +8 halberd of Woaqadaz {flame, rPois Str+2}
 19621 | Slime:5  | Got a starry gem with 26 turns to spare
 19625 | Slime:5  | Got a slimy rune of Zot
 19646 | Slime:5  | Lost the starry gem through the power of Zot.
 19694 | Slime:2  | Noticed an azure jelly
 20074 | Shoals:1 | Identified the +5 dagger of the Onslaught {freeze, rElec
                  | rCorr Str+5 Stlth-}
 20311 | Shoals:2 | Lost mutation: You have a pair of antennae on your head.
                  | [Jiyva's grace]
 20311 | Shoals:2 | Lost mutation: Your pliable body absorbs attacks. (AC +2,
                  | EV +2) [Jiyva's grace]
 20311 | Shoals:2 | Lost mutation: Your transparent skin significantly reduces
                  | your foes' accuracy. (Stealth+) [Jiyva's grace]
 20311 | Shoals:2 | Lost mutation: Your melee attacks may engulf your foes in
                  | ooze. [Jiyva's grace]
 20311 | Shoals:2 | Gained mutation: Your transparent skin significantly
                  | reduces your foes' accuracy. (Stealth+) [Jiyva's grace]
 20311 | Shoals:2 | Gained mutation: Your flesh is heat resistant. (rF+)
                  | [Jiyva's grace]
 20311 | Shoals:2 | Gained mutation: Your flesh is very heat resistant. (rF++)
                  | [Jiyva's grace]
 20311 | Shoals:2 | Gained mutation: Your flesh is almost immune to the effects
                  | of heat. (rF+++) [Jiyva's grace]
 20710 | Shoals:2 | Noticed Ilsuiw
 20727 | Shoals:2 | Killed Ilsuiw
 21788 | Shoals:4 | Entered Level 4 of the Shoals
 21859 | Shoals:4 | Reached XP level 17. HP: 182/182 MP: 17/17
 21959 | Shoals:4 | Reached skill level 15 in Fighting
 22056 | Shoals:4 | Identified the staff of the Threshing Gods {Fly rC+ rCorr
                  | Ice}
 22108 | Shoals:4 | Found Udirph's Antique Weapon Boutique.
 22160 | Shoals:4 | Lost mutation: You have a pair of small antennae on your
                  | head. [Jiyva's grace]
 22160 | Shoals:4 | Lost mutation: You are agile. (Dex +4, Str/Int -1) [Jiyva's
                  | grace]
 22160 | Shoals:4 | Lost mutation: You are extremely robust. (+30% HP) [Jiyva's
                  | grace]
 22160 | Shoals:4 | Lost mutation: You are covered in thick fur. (AC +2)
                  | [Jiyva's grace]
 22160 | Shoals:4 | Lost mutation: Your muscles are strong. (Str +4, Int/Dex
                  | -1) [Jiyva's grace]
 22160 | Shoals:4 | Lost mutation: Your transparent skin significantly reduces
                  | your foes' accuracy. (Stealth+) [Jiyva's grace]
 22160 | Shoals:4 | Lost mutation: Your translucent skin reduces your foes'
                  | accuracy. (Stealth+) [Jiyva's grace]
 22160 | Shoals:4 | Gained mutation: Your melee attacks may engulf your foes in
                  | ooze. [Jiyva's grace]
 22160 | Shoals:4 | Gained mutation: Your system is resistant to poisons.
                  | (rPois) [Jiyva's grace]
 22160 | Shoals:4 | Gained mutation: You are partially covered in iridescent
                  | scales. (AC +2) [Jiyva's grace]
 22160 | Shoals:4 | Gained mutation: You are mostly covered in iridescent
                  | scales. (AC +4) [Jiyva's grace]
 22298 | Shoals:4 | Reached skill level 15 in Evocations
 22396 | Shoals:4 | Noticed a kraken
 22424 | Shoals:4 | Reached skill level 10 in Throwing
 22485 | Shoals:4 | Killed a kraken
 22496 | Shoals:4 | Got a barnacled rune of Zot
 22552 | Shoals:4 | Found the +3 giant club "Skullcrusher" {speed, Str+7}
 23260 | Vaults:1 | Entered Level 1 of the Vaults
 23260 | Vaults:1 | Noticed Zenata
 23270 | Vaults:1 | Killed Zenata
 23467 | Spider:1 | Entered Level 1 of the Spider Nest
 24096 | Spider:1 | Reached skill level 16 in Fighting
 24239 | Spider:1 | Identified the +0 robe of the Morning Star {Int+4}
 24631 | Spider:2 | Lost mutation: You are mostly covered in iridescent scales.
                  | (AC +4) [Jiyva's grace]
 24631 | Spider:2 | Lost mutation: Your flesh is almost immune to the effects
                  | of heat. (rF+++) [Jiyva's grace]
 24631 | Spider:2 | Lost mutation: Your flesh is very heat resistant. (rF++)
                  | [Jiyva's grace]
 24631 | Spider:2 | Lost mutation: Your system is resistant to poisons. (rPois)
                  | [Jiyva's grace]
 24631 | Spider:2 | Lost mutation: You are very robust. (+20% HP) [Jiyva's
                  | grace]
 24631 | Spider:2 | Lost mutation: You are covered in fur. (AC +1) [Jiyva's
                  | grace]
 24631 | Spider:2 | Lost mutation: You expend magic power (3 MP) to strengthen
                  | your wands. [Jiyva's grace]
 24631 | Spider:2 | Gained mutation: You have acidic saliva. [Jiyva's grace]
 24631 | Spider:2 | Gained mutation: You have a pair of small horns on your
                  | head. [Jiyva's grace]
 24631 | Spider:2 | Gained mutation: You have a pair of horns on your head.
                  | [Jiyva's grace]
 24631 | Spider:2 | Gained mutation: You have a pair of large horns on your
                  | head. [Jiyva's grace]
 24993 | Spider:2 | Found the +4 consecrated labrys {holy, Valiant ^Fragile Fly
                  | SInv}
 25051 | Spider:2 | Reached XP level 18. HP: 158/168 MP: 18/18
 25365 | Spider:3 | Noticed Roxanne
 25453 | Spider:3 | Reached skill level 17 in Fighting
 25687 | Spider:3 | Killed Roxanne
 25758 | Spider:3 | Noticed Bai Suzhen
 25777 | Spider:3 | Killed Bai Suzhen
 25866 | Spider:3 | Lost mutation: You have a pair of large horns on your head.
                  | [Jiyva's grace]
 25866 | Spider:3 | Lost mutation: You have a pair of horns on your head.
                  | [Jiyva's grace]
 25866 | Spider:3 | Lost mutation: You have a pair of small horns on your head.
                  | [Jiyva's grace]
 25866 | Spider:3 | Lost mutation: Your flesh is heat resistant. (rF+) [Jiyva's
                  | grace]
 25866 | Spider:3 | Lost mutation: You have acidic saliva. [Jiyva's grace]
 25866 | Spider:3 | Lost mutation: Your rubbery body absorbs attacks. (AC +1,
                  | EV +1) [Jiyva's grace]
 25866 | Spider:3 | Gained mutation: Your flesh is cold resistant. (rC+)
                  | [Jiyva's grace]
 25866 | Spider:3 | Gained mutation: Your flesh is very cold resistant. (rC++)
                  | [Jiyva's grace]
 25866 | Spider:3 | Gained mutation: Your flesh is almost immune to the effects
                  | of cold. (rC+++) [Jiyva's grace]
 25866 | Spider:3 | Gained mutation: You have a pair of small antennae on your
                  | head. [Jiyva's grace]
 26155 | Spider:3 | Identified the +4 short sword of Disorder {freeze, Str+3
                  | Dex+4}
 26510 | Spider:4 | Entered Level 4 of the Spider Nest
 26511 | Spider:4 | Noticed Arachne
 26579 | Spider:4 | Reached skill level 15 in Armour
 26770 | Spider:4 | Got Sif Muna's Secrets of Fire and Company
 26800 | Spider:4 | Reached skill level 18 in Fighting
 26892 | Spider:4 | Killed Arachne
 27300 | Spider:4 | Reached XP level 19. HP: 179/179 MP: 19/19
 27483 | Spider:4 | Found the +2 hat of the Bear Spirit {Spirit, Bear, *Rage
                  | Will++}
 27498 | Spider:4 | Got a gossamer rune of Zot
 27505 | Spider:4 | Identified the +0 pair of gloves of Disguise {rN+ Str+2
                  | Int-3 Dex+2}
 28608 | Vaults:1 | Gained mutation: You are somewhat resistant to further
                  | mutation. [Jiyva's grace]
 28608 | Vaults:1 | Gained mutation: You are somewhat resistant to both further
                  | mutation and mutation removal. [Jiyva's grace]
 28608 | Vaults:1 | Gained mutation: You are almost entirely resistant to
                  | further mutation and mutation removal. [Jiyva's grace]
 28608 | Vaults:1 | Gained mutation: Your spells are a little harder to cast,
                  | but a little more powerful. [Jiyva's grace]
 28953 | Vaults:2 | Found Rer Bem's Armour Shoppe.
 29156 | Vaults:2 | Reached skill level 19 in Fighting
 29163 | Vaults:2 | Noticed a dread lich
 29164 | Vaults:2 | Found a runed translucent gate.
 29164 | Vaults:2 | Found a runed translucent gate.
 29164 | Vaults:2 | Found a runed translucent gate.
 29164 | Vaults:2 | Found an ancient bone altar of Kikubaaqudgha.
 29164 | Vaults:2 | Noticed Wiephyun's ghost (veteran GnHu)
 29164 | Vaults:2 | Noticed a dread lich
 29297 | Vaults:2 | Found Zeiqou Ymmen's Armour Boutique.
 29561 | Vaults:2 | Found a staircase to the Crypt.
 29768 | Vaults:2 | Reached XP level 20. HP: 191/191 MP: 20/20
 30208 | Vaults:3 | Lost mutation: You have a pair of small antennae on your
                  | head. [Jiyva's grace]
 30208 | Vaults:3 | Lost mutation: You are partially covered in iridescent
                  | scales. (AC +2) [Jiyva's grace]
 30208 | Vaults:3 | Lost mutation: Your flesh is almost immune to the effects
                  | of cold. (rC+++) [Jiyva's grace]
 30208 | Vaults:3 | Lost mutation: You are robust. (+10% HP) [Jiyva's grace]
 30208 | Vaults:3 | Gained mutation: You have an increased reservoir of magic.
                  | (+10% MP) [Jiyva's grace]
 30208 | Vaults:3 | Gained mutation: You have a considerably increased
                  | reservoir of magic. (+20% MP) [Jiyva's grace]
 30208 | Vaults:3 | Gained mutation: You have a greatly increased reservoir of
                  | magic. (+30% MP) [Jiyva's grace]
 30208 | Vaults:3 | Gained mutation: You are agile. (Dex +4, Str/Int -1)
                  | [Jiyva's grace]
 30375 | Vaults:3 | Found a glowing golden altar of the Shining One.
 30438 | Vaults:3 | Reached skill level 20 in Fighting
 30560 | Vaults:3 | Found Piriclun's Assorted Antiques.
 30577 | Vaults:3 | Found a runed translucent door.
 30578 | Vaults:3 | Found a shimmering altar of Xom.
 30578 | Vaults:3 | Noticed Kevimi's ghost (adept FeNe)
 30578 | Vaults:3 | Found the +7 captain's cutlass {speed, disarm}
 30581 | Vaults:3 | Identified the orb of Dahyguor {light, Int+2}
 30581 | Vaults:3 | Noticed Frederick
 30596 | Vaults:3 | Killed Frederick
 30605 | Vaults:3 | Found Gujauc's Antique Weapon Boutique.
 30608 | Vaults:3 | Found Sayro's Distillery.
 30859 | Vaults:3 | Killed Kevimi's ghost
 30876 | Vaults:3 | Identified the +4 eveningstar of the Bespelling Gods
                  | {freeze, Str+8}
 30904 | Vaults:3 | Bought a scroll of identify for 64 gold pieces
 30904 | Vaults:3 | Bought a murky green potion for 28 gold pieces
 31467 | Vaults:4 | Noticed Mara
 31472 | Vaults:4 | Noticed Daunt's illusion
 31484 | Vaults:4 | Killed Mara
 31643 | Vaults:4 | Noticed Jory
 31660 | Vaults:4 | Killed Jory
 31690 | Vaults:4 | Lost mutation: Your flesh is very cold resistant. (rC++)
                  | [Jiyva's grace]
 31690 | Vaults:4 | Lost mutation: Your flesh is cold resistant. (rC+) [Jiyva's
                  | grace]
 31690 | Vaults:4 | Lost mutation: You have a greatly increased reservoir of
                  | magic. (+30% MP) [Jiyva's grace]
 31690 | Vaults:4 | Gained mutation: You have a small jelly attached to you
                  | that may absorb projectiles. [Jiyva's grace]
 31690 | Vaults:4 | Gained mutation: You expend magic power (3 MP) to
                  | strengthen your wands. [Jiyva's grace]
 31690 | Vaults:4 | Gained mutation: Your muscles are strong. (Str +4, Int/Dex
                  | -1) [Jiyva's grace]
 31690 | Vaults:4 | Gained mutation: Your muscles are very strong. (Str +8,
                  | Int/Dex -2) [Jiyva's grace]
 31836 | Vaults:4 | Found a crumbling gateway.
 31849 | Desolati | Entered the Desolation of Salt
 31908 | Desolati | Reached skill level 21 in Fighting
 31910 | Desolati | Reached XP level 21. HP: 186/186 MP: 23/25
 32059 | Desolati | Found the crystal ball of Wucad Mu {*channel}
 32088 | Desolati | Got the Anthology of Refrigeration and Misfortune
 32190 | Desolati | Reached skill level 15 in Dodging
 32210 | Desolati | Reached skill level 1 in Axes
 32250 | Desolati | Got Hoxid's Compendium of Percussion
 32251 | Desolati | Identified the +8 battleaxe of Fimbulwinter {venom, Str+7}
 32252 | Desolati | Identified the +7 plate armour of Going Fast {rF+ Str-2
                  | Int+4}
 32311 | Desolati | Identified the +1 buckler of Trial and Error {-Tele rN+
                  | rCorr}
 32314 | Desolati | Got the Anthology of Frore Cinders
 32345 | Desolati | Identified the +4 short sword of the Volcano {vamp, rC-
                  | Will++ Str+5}
 32697 | Vaults:4 | Reached skill level 5 in Axes
 32883 | Vaults:4 | Identified the +6 plate armour "Nimatiw" {rElec rF+ Int-3
                  | Slay+5}
 33418 | Depths:1 | Entered Level 1 of the Depths
 33603 | Depths:1 | Found a gateway to Hell.
 33717 | D:15     | Reached skill level 10 in Axes
 33896 | Depths:1 | Lost mutation: You are agile. (Dex +4, Str/Int -1) [Jiyva's
                  | grace]
 33896 | Depths:1 | Lost mutation: You are almost entirely resistant to further
                  | mutation and mutation removal. [Jiyva's grace]
 33896 | Depths:1 | Lost mutation: Your spells are a little harder to cast, but
                  | a little more powerful. [Jiyva's grace]
 33896 | Depths:1 | Lost mutation: You have a small jelly attached to you that
                  | may absorb projectiles. [Jiyva's grace]
 33896 | Depths:1 | Lost mutation: Your melee attacks may engulf your foes in
                  | ooze. [Jiyva's grace]
 33896 | Depths:1 | Gained mutation: You have a pair of small horns on your
                  | head. [Jiyva's grace]
 33896 | Depths:1 | Gained mutation: You have a pair of horns on your head.
                  | [Jiyva's grace]
 33896 | Depths:1 | Gained mutation: You have a pair of large horns on your
                  | head. [Jiyva's grace]
 33896 | Depths:1 | Gained mutation: Your system is resistant to poisons.
                  | (rPois) [Jiyva's grace]
 34216 | Depths:2 | Killed HilariousDeathArtist's ghost
 34228 | Depths:2 | Noticed Nikola
 34238 | Depths:2 | Killed Nikola
 34270 | Depths:2 | Found a one-way gate leading to the halls of Pandemonium.
 34321 | Depths:2 | Identified the ring of Creativity {Ice rElec}
 34321 | Depths:2 | Noticed Josephina
 34362 | Depths:2 | Killed Josephina
 34465 | Depths:2 | Reached XP level 22. HP: 185/194 MP: 26/26
 34519 | Depths:2 | Found a one-way gateway to a ziggurat.
 34648 | Depths:2 | Identified the +1 lajatang of the Hawk {protect, rC++
                  | Will+}
 34652 | Depths:2 | Identified the +9 longbow "Xuclem" {elec, Fly rN+ Int+3
                  | Stlth-}
 34702 | Depths:2 | Found a runed translucent gate.
 34702 | Depths:2 | Found a runed translucent gate.
 34702 | Depths:2 | Found a runed translucent gate.
 34708 | Depths:2 | Found a viscous altar of Jiyva.
 35195 | Depths:3 | Lost mutation: You have a pair of large horns on your head.
                  | [Jiyva's grace]
 35195 | Depths:3 | Lost mutation: Your translucent skin slightly reduces your
                  | foes' accuracy. (Stealth+) [Jiyva's grace]
 35195 | Depths:3 | Gained mutation: You are agile. (Dex +4, Str/Int -1)
                  | [Jiyva's grace]
 35195 | Depths:3 | Gained mutation: You are very agile. (Dex +8, Str/Int -2)
                  | [Jiyva's grace]
 35195 | Depths:3 | Gained mutation: You have acidic saliva. [Jiyva's grace]
 35195 | Depths:3 | Gained mutation: You are covered in slimy tendrils that may
                  | disarm your opponents. [Jiyva's grace]
 35250 | Depths:3 | Found a shadowy altar of Dithmenos.
 35326 | Depths:3 | Identified the +6 shortbow of Neisonka {heavy, MP+9}
 35937 | Depths:3 | Reached skill level 22 in Fighting
 36032 | Depths:3 | Noticed a caustic shrike
 36044 | Depths:3 | Killed a caustic shrike
 36213 | Depths:4 | Entered Level 4 of the Depths
 36222 | Depths:4 | Noticed a golden dragon
 36288 | Depths:4 | Noticed a golden dragon
 36304 | Depths:4 | Killed a golden dragon
 36404 | Depths:4 | Killed a golden dragon
 36432 | Depths:4 | Reached XP level 23. HP: 204/204 MP: 27/27
 36445 | Depths:3 | Noticed a golden dragon
 36450 | Depths:3 | Killed a golden dragon
 36513 | Depths:3 | Noticed a golden dragon
 36524 | Depths:3 | Killed a golden dragon
 36614 | Depths:4 | Lost mutation: You have a considerably increased reservoir
                  | of magic. (+20% MP) [Jiyva's grace]
 36614 | Depths:4 | Lost mutation: You are somewhat resistant to both further
                  | mutation and mutation removal. [Jiyva's grace]
 36614 | Depths:4 | Lost mutation: You are somewhat resistant to further
                  | mutation. [Jiyva's grace]
 36614 | Depths:4 | Lost mutation: Your muscles are very strong. (Str +8,
                  | Int/Dex -2) [Jiyva's grace]
 36614 | Depths:4 | Gained mutation: Armour fits poorly on your pseudopods.
                  | [Jiyva's grace]
 36614 | Depths:4 | Gained mutation: Armour fits poorly on your large
                  | pseudopods. [Jiyva's grace]
 36614 | Depths:4 | Gained mutation: Armour fits poorly on your massive
                  | pseudopods. [Jiyva's grace]
 36614 | Depths:4 | Gained mutation: Your melee attacks may engulf your foes in
                  | ooze. [Jiyva's grace]
 36680 | Depths:4 | Noticed a golden dragon
 36779 | Depths:4 | Killed a golden dragon
 36788 | Depths:4 | Found a gate to the Realm of Zot.
 37026 | Depths:4 | Identified the +2 leather armour "Goskieny" {Str+3 Int+4}
 37604 | Vaults:3 | Bought a runed broad axe for 196 gold pieces
 37847 | Elf:1    | Entered Level 1 of the Elven Halls
 38245 | Elf:1    | Identified the +0 robe of Dije {rElec rF+ rC+ Str+3}
 38530 | Elf:2    | Reached skill level 23 in Fighting
 38551 | Elf:2    | Found Zitoufoa's Weapon Shoppe.
 38591 | Elf:2    | Paralysed by an air elemental for 1 turns
 38831 | Elf:2    | Found a runed translucent gate.
 38831 | Elf:2    | Found a runed translucent gate.
 38831 | Elf:2    | Found a runed translucent gate.
 39463 | Elf:3    | Entered Level 3 of the Elven Halls
 39521 | Elf:3    | Paralysed by an air elemental for 1 turns
 39525 | Elf:3    | Paralysed by an air elemental for 1 turns
 39600 | Elf:3    | Lost mutation: You have a pair of horns on your head.
                  | [Jiyva's grace]
 39600 | Elf:3    | Lost mutation: Your system is resistant to poisons. (rPois)
                  | [Jiyva's grace]
 39600 | Elf:3    | Lost mutation: Armour fits poorly on your massive
                  | pseudopods. [Jiyva's grace]
 39600 | Elf:3    | Gained mutation: You have supernaturally acute eyesight.
                  | (SInv) [Jiyva's grace]
 39600 | Elf:3    | Gained mutation: Your flesh is heat resistant. (rF+)
                  | [Jiyva's grace]
 39600 | Elf:3    | Gained mutation: Your flesh is very heat resistant. (rF++)
                  | [Jiyva's grace]
 39600 | Elf:3    | Gained mutation: Your flesh is almost immune to the effects
                  | of heat. (rF+++) [Jiyva's grace]
 39703 | Elf:3    | Reached XP level 24. HP: 214/214 MP: 25/25
 40257 | Elf:3    | Identified the +2 spear "Qomomu" {vamp, rC+ Int+3 Dex+6}
 40296 | Elf:3    | Identified the ring of Woup {Fly rF+ rCorr Str+7 Int-5}
 40318 | Elf:3    | Got Volareri's Catalogue of Saturnine Conflagration
 40321 | Elf:3    | Got the Tome of the Manifold and Fulmination
 40333 | Elf:3    | Identified the +4 flail of Tobuw {flame, rElec rN+++ Will-
                  | Str+3}
 40344 | Elf:3    | Identified the +3 longbow "Nakk" {flame, rElec rCorr}
 40610 | Orc:2    | Bought a scroll of enchant armour for 105 gold pieces
 40614 | Orc:2    | Bought a scroll of blinking for 217 gold pieces
 40863 | Shoals:4 | Bought a runed eveningstar for 612 gold pieces
 41045 | Lair:4   | Killed pokedragonboy's ghost
 41684 | Vaults:3 | Bought 2 scrolls of enchant armour for 480 gold pieces
 41936 | Zot:1    | Entered Level 1 of the Realm of Zot
 43163 | Zot:1    | Killed from afar by a black draconian knight

Illustrated notes

Levels and vault maps discovered:
D:1:      amcnicky_arrival_feature_with_door, layout_basic,
          shapermc_ecumenical_altar_mp_urbaneastern,
          chequers_serial_rivers_micro_b, chequers_serial_rivers_large_a
D:2:      layout_loops_corners, basic_altar, uniq_natasha, uniq_terence
D:3:      layout_loops_cross, general_overflow_altar, nemelex_spade_bored_becter
D:4:      layout_basic
D:5:      layout_basic
D:6:      layout_gridville, xom_teletrap_fun, amcnicky_altar_gilded,
          minmay_misc_feat_tiny, uniq_prince_ribbit1, uniq_pikel
D:7:      layout_basic, demons_altar, minmay_temple_entry_tees, uniq_maurice
D:8:      layout_loops_ring, lair_entry_dummy, chequers_arboretum, uniq_maggie,
          uniq_jeremiah, uniq_erica
D:9:      layout_irregular_city, nicolae_overflow_crystal_walls,
          mainiacjoe_overflow_surrounded_room
D:10:     layout_roguey, zin_scriptorium
D:11:     layout_loops_ring, david_orc_3, serial_ice, serial_ice_m,
          serial_ice_a, serial_ice_n, serial_ice_e, serial_ice_d, serial_ice_f
D:12:     layout_loops_ring
D:13:     layout_grid_maze, uniq_lodul
D:14:     layout_stronghold, hellmonk_vaults_attempted_burglary,
          minmay_st_funbox, lightli_fourway_metalbox
D:15:     hellmonk_depths_entry_around_the_bend, layout_layer_cave,
          hangedman_abyss_or_decor_lesser_grid
Lair:1:   layout_hall_layers, special_room [special_room_bee],
          lemuel_fruit_fields
Lair:2:   layout_gridlike, hellmonk_guarded_unrand_seven_league_boots
Lair:3:   layout_cave_pods, elwin_shoals_entry_rocks,
          nicolae_spider_entry_tight_spaces, portal_ice_cave_rime
Lair:4:   layout_long_grid, ebering_ghost_disaster_area, st_stairs_4,
          grunt_megastairs_4
Lair:5:   hellmonk_lair_end_abyssal_woods, layout_cave_pods,
          dpeg_slime_entry_corner, nicolae_quartered_pool_little, uniq_sonja,
          uniq_kirke
Shoals:1: layout_shoals
Shoals:2: layout_shoals, uniq_ilsuiw
Shoals:3: layout_shoals
Shoals:4: shoals_end_hangedman, layout_shoals, serial_shops, shop
Spider:1: layout_chambers, hangedman_spider_tarantella_strand
Spider:2: layout_spider_delve, special_room
Spider:3: spider_temple_joshua, uniq_bai_suzhen, uniq_roxanne
Spider:4: grunt_spider_rune_parallel, hellmonk_deceptive_appearances,
          uniq_arachne
Slime:1:  layout_caves
Slime:2:  layout_caves, cheibrodos_slime_lost_civilization_5
Slime:3:  layout_caves
Slime:4:  layout_caves
Slime:5:  slime_pit_nicolae_block_by_block
Orc:1:    layout_caves, bh_open_orc_temple
Orc:2:    st_orc_rangers, layout_caves
Elf:1:    elf_arrival_002, layout_loops_cross, nicolae_elf_shapeshifter_party
Elf:2:    elven_hall_of_blades_hangedman_original [nooodl_blade_entry_preview],
          layout_geoelf_diagonals, serial_shops, shop, grunt_ministairs_12,
          minivault_5, hex_medium, roderic_roman_lattice,
          serial_library_hellmonk_secret_room
Elf:3:    minmay_elf_hall_hex, layout_loops_cross
Vaults:1: nicolae_vaults_tetromino_L_2, nicolae_vaults_trapezoid_2,
          nicolae_vaults_little_squares_4, vaults_room_door_hall,
          nicolae_vaults_circle_grid_b, nicolae_vaults_closet_pinwheel_2,
          ontoclasm_vaults_eye, nicolae_vaults_border_crossing,
          nicolae_vaults_double_plus_3, nicolae_vaults_turnstiles, v_rooms_3,
          nicolae_vaults_trapezoid_lopsided_3, layout_vaults_big_room,
          uniq_zenata
Vaults:2: gammafunk_ghost_crypt, hangedman_vaults_stretched_pinwheel,
          vaults_room_door_hall, v_misc_10, minmay_crypt_entry_simple_sparse,
          nicolae_vaults_diamond_2, nicolae_vaults_lightning_bolt,
          nicolae_vaults_taking_the_gang_shopping,
          ontoclasm_vaults_decontamination, v_alt_pattern_2,
          nicolae_vaults_house_3, special_room_vaults [special_room_orc],
          nicolae_vaults_network_periphery, layout_vaults_omnicross,
          serial_shops, nicolae_shop_back_alley_shop
Vaults:3: ebering_ghost_xom, ontoclasm_vaults_spin, nicolae_vaults_trapezoid_2,
          nicolae_vaults_little_squares_2, special_room_vaults
          [special_room_orc], v_misc_12, hangedman_vaults_maws,
          nicolae_vaults_offset_grid_hallway_4, lemuel_angel_altar,
          ontoclasm_vaults_chip, dpeg_vaults_monster_row, layout_vaults_omnibox,
          serial_shops, nicolae_shop_crystal, shop, shop, uniq_frederick
Vaults:4: portal_desolation_entry_salt, dpeg_vaults_monster_box,
          hangedman_vaults_nails, v_misc_10,
          nicolae_vaults_windows_and_doors_thing, nicolae_vaults_an_arrangement,
          nicolae_vaults_sightless_eye, nicolae_vaults_weapon_check,
          layout_vaults_quadrants, uniq_jory, uniq_mara
Depths:1: layout_forbidden_donut, nicolae_water_bricks, hell_entry, st_stairs_2,
          minmay_misc_feat_square, minmay_protected_statue
Depths:2: hangedman_elemental_death_ray, layout_cave_pools, enter_ziggurat_b,
          rand_demon_pan_entry_1, gammafunk_ghost_ooze, abyss_entry,
          lightli_too_deep, beargit_elvish_explorers, uniq_josephina,
          uniq_nikola
Depths:3: minmay_nested_s, layout_cave_shapes, pan_entry, serial_sigils,
          serial_sigils_hangedman_writhe, serial_sigils_hangedman_quiver,
          serial_sigils_hangedman_etch, serial_sigils_hangedman_quiver,
          abyss_entry, nicolae_dithmenos_the_darkroom, hell_entry
Depths:4: evilmike_zot_entry_argh, layout_cave_pools, abyss_entry_crystal,
          rand_demon_pan_entry_8, grunt_hell_entry_dis_old,
          serial_bayou_lagoon_a
Zot:1:    layout_misc_corridors
Zot:2:    layout_onion

Skill      XL: |  1  2  3  4  5  6  7  8  9 10 11 12 13 14 15 16 17 18 19 20 21 22 23 24 |
---------------+-------------------------------------------------------------------------+-----
Polearms       | 2 3 4 5 6 7 9 10 11 12 13 14 | 14.0
Fighting       | 4 6 7 8 9 11 12 13 14 16 18 19 21 22 23 | 23.6
Armour         | 4 5 6 7 8 10 11 13 15 16 17 18 | 18.0
Dodging        | 3 5 7 8 10 12 14 15 16 17 | 17.8
Evocations     | 2 4 5 7 9 11 12 14 15 17 18 19 | 19.3
Throwing       | 3 4 5 7 8 9 10 12 13 | 13.1
Axes           | 12 | 12.0
Shields        | |  2.1

Action                     |  1- 3 |  4- 6 |  7- 9 | 10-12 | 13-15 | 16-18 | 19-21 | 22-24 || total
---------------------------+-------+-------+-------+-------+-------+-------+-------+-------++-------
  Melee: Trident           |    56 |   139 |   343 |   768 |  2059 |  2417 |  2207 |  1010 ||  8999
         Dagger            |    15 |    56 |       |       |       |       |       |       ||    71
         Spear             |       |    13 |       |       |       |       |       |       ||    13
         Bite              |       |       |     7 |    23 |    97 |    48 |       |   177 ||   352
         Pseudopods        |       |       |       |    75 |   185 |       |       |   158 ||   418
         Headbutt          |       |       |       |       |       |    81 |    19 |   327 ||   427
         Demon trident     |       |       |       |       |       |       |    98 |  1079 ||  1177
  Throw: Stone             |       |       |     1 |       |       |     2 |       |       ||     3
         Boomerang         |       |       |       |       |       |    12 |     2 |       ||    14
 Invoke: Oozemancy         |       |       |       |     2 |     2 |       |       |     1 ||     5
         Slimify           |       |       |       |       |       |       |     1 |       ||     1
Ability: Invent Gizmo      |       |       |       |       |     1 |       |       |       ||     1
  Evoke: Wand              |       |       |       |     2 |     2 |     3 |     7 |     4 ||    18
         Phantom mirror    |       |       |       |       |       |     1 |     4 |       ||     5
         Sack of spiders   |       |       |       |       |       |     1 |     2 |     1 ||     4
         Tin of tremorston |       |       |       |       |       |       |     4 |     3 ||     7
         Lightning rod     |       |       |       |       |       |       |       |     3 ||     3
    Use: Potion            |     1 |       |       |       |       |     1 |     4 |     4 ||    10
         Scroll            |       |       |     6 |     2 |    13 |     3 |     8 |    18 ||    50
   Stab: Sleeping          |       |       |       |       |     1 |       |     1 |       ||     2
         Distracted        |       |       |       |       |       |     1 |     1 |       ||     2
         Paralysed         |       |       |       |       |       |       |     6 |       ||     6
         Confused          |       |       |       |       |       |       |       |     1 ||     1
 Armour: Scale mail        |    21 |    68 |   124 |   183 |   380 |       |       |       ||   776
         Fire dragon scale |       |       |       |       |     7 |  1010 |   817 |   236 ||  2070
         Gold dragon scale |       |       |       |       |       |       |       |   625 ||   625
  Dodge: Dodged            |     8 |    38 |    50 |   110 |   535 |   890 |   703 |   595 ||  2929
         Repelled          |       |       |       |       |    46 |    57 |    70 |   134 ||   307
  Block: Buckler           |     2 |       |       |       |       |       |       |       ||     2

Table legend: (Time is in decaauts)
 A = Elapsed time spent in this place.
 B = Non-inter-level travel time spent in this place.
 C = Inter-level travel time spent in this place.
 D = Time resting spent in this place.
 E = Time spent auto-exploring this place.
 F = Levels seen in this place.
 G = Mean time per level.
                   A        B        C        D        E       F      G
               +--------+--------+--------+--------+--------+-----+--------+
         Total |  42323 |  36125 |   6198 |    659 |  14923 |  50 |  846.5 |
       Dungeon |  12905 |  11103 |   1802 |     80 |   5386 |  15 |  860.3 |
          Lair |   5282 |   4504 |    778 |     65 |   2095 |   5 | 1056.4 |
        Shoals |   3855 |   3058 |    797 |     13 |   1266 |   4 |  963.8 |
   Spider Nest |   4249 |   3919 |    330 |    201 |   1393 |   4 | 1062.2 |
    Slime Pits |    676 |    558 |    118 |      0 |    472 |   5 |  135.2 |
  Orcish Mines |   1238 |   1031 |    207 |      0 |    503 |   2 |  619.0 |
   Elven Halls |   2635 |   2232 |    403 |     29 |    743 |   3 |  878.3 |
        Vaults |   5060 |   3971 |   1089 |      3 |   1469 |   4 | 1265.0 |
        Depths |   4580 |   3979 |    601 |    268 |   1144 |   4 | 1145.0 |
           Zot |    731 |    661 |     70 |      0 |    258 |   2 |  365.5 |
      Ice Cave |    425 |    425 |      0 |      0 |     17 |   1 |  425.0 |
    Desolation |    683 |    683 |      0 |      0 |    175 |   1 |  683.0 |
               +--------+--------+--------+--------+--------+-----+--------+

Top non-repeatable levels by time:
Vaults:3: 1421 daAuts
Spider:3: 1419 daAuts
  Lair:3: 1407 daAuts
Vaults:2: 1395 daAuts
Depths:4: 1374 daAuts
    D:15: 1368 daAuts
Depths:3: 1317 daAuts
Spider:1: 1288 daAuts
Shoals:4: 1281 daAuts
  Lair:5: 1189 daAuts
    D:14: 1149 daAuts
Vaults:4: 1128 daAuts
Vaults:1: 1115 daAuts
   Elf:2: 1106 daAuts
Depths:2: 1022 daAuts
